Map: Abyssal Reef LE

Players

deepZ

  • Race: Zerg Zerg
  • League: Gold
  • Spawn Location: 11:00

Metasapien - Winner!

  • Race: Zerg Zerg
  • League: Platinum
  • Spawn Location: 5:00

VOD

Have the link to the VOD?

Description

Time

  • Played on: Sept. 24, 2017, 11:26 p.m.
  • Length: 8:52
Show
View Real Time Build Order
Export as new Build Order

deepZ Zerg 

Build Orders: Hatch First 

Get SALT Encoding   

  12  0:01  Drone  
  13  0:13  Overlord  
  13  0:18  Drone  
  14  0:36  Drone x3  
  17  0:56  Hatchery  
  16  1:11  Spawning Pool  
  15  1:12  Extractor  
  14  1:24  Drone x3  
  17  1:42  Overlord  
  17  1:53  Drone  
  18  1:57  Queen  
  20  2:09  Queen  
  20  2:11  Zergling x4  
  20  2:14  Drone  
  25  2:26  Metabolic Boost  
  25  2:28  Drone  
  26  2:37  Baneling Nest  
  26  2:42  Drone x2  
  27  2:54  Drone, Extractor  
  27  2:55  Drone x2  
  29  3:08  Drone  
  29  3:09  Drone x2  
  29  3:10  Zergling x2  
  29  3:11  Zergling x2  
  34  3:22  Drone x2  
  36  3:39  Lair  
  36  3:40  Pneumatized Carapace  
  36  3:49  Roach Warren  
  36  3:50  Drone  
  36  3:53  Overlord  
  36  4:02  Overlord x2  
  36  4:30  Drone x8  
  44  4:42  Hatchery  
  43  4:46  Overlord x2  
  43  4:58  Evolution Chamber  
  43  4:59  Drone x2  
  44  5:02  Overlord  
  44  5:06  Baneling x2  
  44  5:08  Baneling  
  44  5:09  Baneling  
  44  5:18  Infestation Pit  
  43  5:27  Roach x2  
  43  5:28  Roach x4  
  55  5:29  Zergling x4  
  55  5:30  Baneling x2  
  55  5:31  Baneling x2  
  57  5:43  Overseer  
  57  6:02  Queen  
  59  6:06  Extractor  
  59  6:07  Drone x10, Extractor  
  59  6:08  Drone x3, Roach  
  72  6:22  Roach  
  74  6:26  Overlord x2  
  72  6:48  Roach  
  72  6:49  Roach x7  
  87  7:00  Roach  
  87  7:01  Roach  
  89  7:02  Zergling x2  
  79  7:25  Overlord x5  
  79  7:37  Zergling x2  
  79  7:38  Zergling x4  
  79  7:39  Overlord x3  
  69  8:01  Zergling x22  
  74  8:11  Roach x2  
  73  8:17  Zergling x4  
  73  8:18  Zergling x6  
  70  8:25  Zergling x2  
Show
View Real Time Build Order
Export as new Build Order

Metasapien Zerg - Winner!

Build Orders: Pool First 

Get SALT Encoding   

  12  0:03  Drone  
  13  0:13  Overlord  
  13  0:20  Drone  
  14  0:29  Extractor  
  14  0:30  Drone  
  14  0:31  Drone  
  15  0:36  Drone  
  16  0:46  Drone  
  17  0:59  Spawning Pool  
  17  1:00  Drone  
  17  1:08  Drone  
  18  1:29  Drone x2  
  18  1:31  Hatchery  
  19  1:43  Overlord  
  19  1:51  Queen  
  22  1:54  Drone  
  22  2:06  Drone  
  23  2:15  Drone  
  24  2:20  Roach Warren  
  23  2:23  Overlord  
  23  2:37  Drone  
  23  2:38  Spine Crawler  
  23  2:43  Spine Crawler  
  22  2:49  Drone, Extractor  
  22  2:50  Queen  
  24  2:57  Drone  
  25  3:02  Drone x2  
  25  3:03  Drone  
  28  3:07  Roach  
  28  3:10  Roach  
  32  3:16  Roach  
  34  3:29  Drone x2  
  34  3:30  Drone  
  34  3:31  Drone  
  38  3:40  Roach x3  
  44  3:56  Overlord x2  
  44  3:57  Overlord  
  44  4:06  Overlord  
  44  4:17  Lair  
  44  4:20  Drone x3  
  44  4:22  Drone x2  
  44  4:23  Drone  
  50  4:28  Drone  
  51  4:31  Extractor, Roach x2  
  54  4:43  Drone  
  53  4:53  Spine Crawler  
  53  4:54  Spine Crawler, Roach x3  
  53  4:56  Overlord  
  57  5:04  Queen  
  59  5:11  Drone  
  60  5:16  Roach  
  60  5:17  Glial Reconstitution, Roach  
  64  5:25  Hydralisk Den  
  63  5:31  Infestation Pit  
  62  5:37  Drone x2  
  62  5:39  Drone x3  
  62  5:41  Extractor  
  66  5:55  Ravager x2  
  66  5:56  Hatchery  
  67  5:57  Roach x3  
  67  6:02  Roach  
  75  6:12  Pneumatized Carapace  
  75  6:16  Zergling x4, Roach  
  75  6:17  Roach  
  81  6:29  Hydralisk  
  81  6:32  Overlord x3  
  83  6:46  Drone  
  79  6:49  Drone  
  77  7:02  Drone x4  
  77  7:03  Roach x3  
  71  7:23  Hydralisk, Roach x4  
  71  7:24  Roach  
  71  7:29  Drone  
  83  7:30  Drone  
  83  7:36  Ravager  
  84  7:38  Ravager  
  75  8:03  Ravager  
  74  8:08  Zergling x20  
  74  8:09  Zergling x4  
  75  8:36  Ravager  
Tags
 
Add a new tag
Caveats
  • Supply blocks, unpowered buildings, or Contaminate may cause inaccurate times.
  • Supply counts are checked every 10 seconds.